 Dungeon Crawl Stone Soup version 0.32-a0-968-g61e5eb5241 (webtiles) character file.

Game seed: 1376024706195669618

15638 Ajdolov the Frost Mage (level 12, -7/97 HPs)
             Began as a Mummy Ice Elementalist on Apr 18, 2024.
             Was an Initiate of Gozag.
             Mangled by Urug
             ... wielding a +0 heavy halberd
              (25 damage)
             ... on level 10 of the Dungeon.
             The game lasted 00:28:26 (11824 turns).

Ajdolov the Frost Mage (Mummy Ice Elementalist)    Turns: 11824, Time: 00:28:26

Health: -7/97      AC: 17    Str: 12    XL:     12   Next: 3%
Magic:  16/24      EV: 11    Int: 18    God:    Gozag
Gold:   1834       SH:  0    Dex: 13    Spells: 11/27 levels left

rFire   . . .        u - +4 spear (venom)
rCold   + + .        (no shield)
rNeg    + + +        e - +1 robe {rC+}
rPois   ∞            (no helmet)
rElec   .            r - +2 cloak
rCorr   +            a - +0 pair of gloves
SInv    .            w - +0 pair of boots
Will    ++...        f - amulet of regeneration
Stlth   ++           z - ring "Ycrummig" {rF+ Will+ rCorr}
HPRegen 1.16/turn    (no ring)
MPRegen 0.19/turn

%: faith
@: ice-armoured, freezing walls, studying 2 skills
A: cold resistance 1, negative energy resistance 3, torment resistance 2, heat
vulnerability 1, in touch with death 1, no potions, faith
a: Renounce Religion, Potion Petition, Call Merchant, Bribe Branch


You were on level 10 of the Dungeon.
You worshipped Gozag.
Gozag was most pleased with you.
You visited 2 branches of the dungeon, and saw 11 of its levels.
You also visited: Ossuary.

You collected 2029 gold pieces.
You spent 96 gold pieces at shops.
You paid 99 gold pieces to Gozag.

Inventory:

Hand Weapons
 u - a +4 spear of venom (weapon)
Missiles
 d - 11 datura-tipped darts
 h - 27 poisoned darts
 C - a curare-tipped dart
Armour
 a - a +0 pair of gloves (worn)
 e - a +1 robe of cold resistance (worn)
 r - a +2 cloak (worn)
 w - a +0 pair of boots (worn)
Magical Staves
 A - the staff of Ferocious Innocence {*Slow rC+ Int+3 Dex+4 SInv Ice}
   (You took it off a tengu conjurer on level 8 of the Dungeon)

   [staff of cold]

   Base accuracy: +5 Base damage: 5 Base attack delay: 1.2 This weapon's minimum
   attack delay (0.6) is reached at skill level 12.
   Int+3:     It affects your intelligence (+3).
   Dex+4:     It affects your dexterity (+4).
   rC+:       It protects you from cold.
   SInv:      It lets you see invisible.
   *Slow:     It may slow you when you take damage.
   Ice:       It increases the power of your Ice spells.
   It falls into the 'Staves' category.
   It is a one-handed weapon.
Jewellery
 f - an amulet of regeneration (around neck)
 z - the ring "Ycrummig" (left hand) {rF+ Will+ rCorr}
   (You took it off a tengu conjurer on level 8 of the Dungeon)

   [ring of willpower]

   rF+:       It protects you from fire.
   Will+:     It increases your willpower.
   rCorr:     It protects you from acid and corrosion.
 D - a +4 ring of protection
Wands
 c - a wand of polymorph (8)
 i - a wand of mindburst (9)
 j - a wand of flame (49)
 p - a wand of warping (3)
 x - a wand of charming (12)
Scrolls
 b - 2 scrolls of immolation
 g - a scroll of blinking
 k - 3 scrolls of fear
 l - a scroll of acquirement
 m - a scroll of brand weapon
 n - a scroll of silence
 o - a scroll of vulnerability
 q - 2 scrolls of revelation
 s - a scroll of teleportation
 t - a scroll of butterflies
 v - a scroll of amnesia
 y - a scroll of identify
 B - a scroll of fog


   Skills:
 - Level 10.0 Fighting
 - Level 1.5 Dodging
 - Level 1.5 Stealth
 - Level 8.0 Spellcasting
 + Level 12.4 Ice Magic
 + Level 4.8 Earth Magic
 - Level 3.0 Evocations


You had 11 spell levels left.
You knew the following spells:

 Your Spells              Type           Power      Damage    Failure   Level
a - Freeze                Ice            100%       1d10      1%          1
b - Frozen Ramparts       Ice            100%       1d16      1%          3
c - Ozocubu's Armour      Ice            51%        N/A       1%          3
d - Summon Ice Beast      Ice/Summ       29%        N/A       2%          3
e - Permafrost Eruption   Ice/Erth       19%        2x4d5     41%         6

Your spell library contained the following spells:

 Spells                   Type           Power      Damage    Failure   Level
 Sandblast                Erth           48%        2d12      1%          1
 Hailstorm                Conj/Ice       29%        3d8       2%          3
 Passwall                 Erth           24%        N/A       4%          3
 Stone Arrow              Conj/Erth      30%        3d8       11%         3
 Blink                    Tloc           14%        N/A       14%         2
 Lesser Beckoning         Tloc           14%        N/A       14%         2
 Momentum Strike          Conj/Tloc      14%        3d8       14%         2
 Metabolic Englaciation   Hex/Ice        14%        N/A       22%         5
 Call Canine Familiar     Summ           7%         N/A       28%         3
 Sigil of Binding         Hex            7%         N/A       28%         3
 Volatile Blastmotes      Fire/Tloc      14%        2d11      28%         3
 Dimensional Bullseye     Hex/Tloc       3%         N/A       67%         4
 Fulminant Prism          Conj/Alch      3%         3d5       67%         4
 Iskenderun's Mystic Bla Conj/Tloc 7%             2d4        (+2d1     67%         4
 Vhi's Electric Charge    Tloc/Air       14%        N/A       67%         4
 Sculpt Simulacrum        Ice/Alch       14%        N/A       75%         6
 Iskenderun's Battlesphe  Conj           7%         2d6       95%         5
 Bombard                  Conj/Erth      7%         9d2       99%         6
 Spellforged Servitor     Conj/Summ      3%         N/A       100%        7


Dungeon Overview and Level Annotations

Branches:
Dungeon (10/15)            Temple (1/1) D:6            Lair (0/5) D:10
Ossuary (visited)
    Orc: D:9-12

Altars:
Ashenzari
Cheibriados
Dithmenos
Fedhas
Gozag
Hepliaklqana
Kikubaaqudgha
Makhleb
Nemelex Xobeh
Okawaru
Qazlal
Ru
Sif Muna
Trog
Uskayaw
Vehumet
Wu Jian
Xom
Yredelemnul

Shops:
D:9 ?   D:10 !![

Annotations:
D:6 2 runed translucent doors, Gandelf's ghost, novice SpCj
D:7 1 runed translucent door, Descartes's ghost, amateur MDFi
D:9 exclusion: freezing wraith
D:10 Urug


Innate Abilities, Weirdness & Mutations

You are immune to poison.
Your flesh is cold resistant. (rC+)
You are immune to negative energy. (rN+++)
You are immune to unholy pain and torment.
You are vulnerable to heat. (rF-)
You are in touch with the powers of death.
You do not drink.
You have a special connection with the divine. (Faith)


Message History

Urug shouts!
You reach to attack!
You completely miss Urug.
Urug is heavily wounded.
The wall freezes Urug but does no damage.
Urug throws a javelin.
The javelin pierces through you.
Unknown command.
You reach to attack!
You closely miss Urug.
Urug is heavily wounded.
The wall freezes Urug!
Urug howls with blood-lust.
Urug throws a javelin.
The javelin pierces through you!
You swing at nothing.
The wall freezes Urug but does no damage.
Urug hits you from afar with a +0 heavy halberd.
Unknown command.
You swing at nothing.
Unknown command.
You swing at nothing.
The wall freezes Urug but does no damage.
Urug throws a javelin.
The javelin pierces through you!
Unknown command.
Reach: u) +4 spear (venom)
Press: ? - help, Dir - move target, f - Urug
Aim: Urug, wielding a +0 heavy halberd, wearing a +7 chain mail of ponderousness and quivering javelins (almost dead, very poisoned, about 34% to evade your +4 spear of venom)
You reach to attack!
You hit Urug but do no damage.
Urug looks as sick as possible!
Urug is almost dead.
The wall freezes Urug but does no damage.
Urug hits you from afar with a +0 heavy halberd!
* * * LOW HITPOINT WARNING * * *
Reach: u) +4 spear (venom)
Press: ? - help, Dir - move target, f/p - Urug
Aim: Urug, wielding a +0 heavy halberd, wearing a +7 chain mail of ponderousness and quivering javelins (almost dead, extremely poisoned, about 34% to evade your +4 spear of venom)
You reach to attack!
You closely miss Urug.
Urug is almost dead.
The wall freezes Urug.
Urug hits you from afar with a +0 heavy halberd!!
You die...
Urug screams, "Revenge at last!"
Your body crumbles into a pile of gold.

.# ## .# .#
###########..∩##
##)##.#
#......@.o......
..# ......#
#.#########...##
#.# ......#
#....##### ##
#.# ......#
#......... #.#
......#
##....#### #.#
......###.>..##
#.#
<.........#...#
#######.####
.......##.....#
#...........
.###...###.#..#
#.#####.###.


You could see Urug (extremely poisoned).

Vanquished Creatures
  A hydra (D:8)
  A centaur warrior (D:8)
  A boulder beetle (D:8)
  2 two-headed ogres
  2 ugly things (D:8)
  A cyclops (D:8)
  Maurice (D:9)
  Maggie (D:7)
  An unseen horror (D:9)
  A tengu conjurer (D:8)
  3 trolls
  2 hornets
  A spriggan (shapeshifter) (D:8)
  A wraith (D:8)
  2 wyverns (D:9)
  17 yaks (D:10)
  A vampire mosquito (D:8)
  An acid dragon (D:8)
  3 water moccasins
  An ice beast (D:7)
  5 orc warriors
  2 sky beasts (D:8)
  2 black bears (D:10)
  An ogre (D:6)
  6 centaurs
  10 bullfrogs
  4 kobold brigands
  3 scorpions
  2 water moccasin zombies (Ossuary)
  A burial acolyte (Ossuary)
  5 wights
  15 killer bees
  6 howler monkeys
  2 hounds (D:6)
  2 orc priests
  A bombardier beetle (D:7)
  5 jellies
  A gnoll bouda (D:9)
  5 iguanas
  An orc wizard (D:8)
  2 bullfrog simulacra (Ossuary)
  2 mummies (Ossuary)
  5 gnolls (D:9)
  6 adders
  2 adder zombies (Ossuary)
  A dart slug (D:3)
  2 ribbon worms
  26 orcs
  9 bats
  10 endoplasms
  5 giant cockroaches
  4 gnoll zombies (Ossuary)
  4 goblins
  4 hobgoblins
  A quokka (D:4)
  8 ball pythons
  5 frilled lizards
  2 goblin zombies (D:6)
  2 jackal zombies (Ossuary)
  22 kobolds
  3 orc zombies (Ossuary)
  6 rats
254 creatures vanquished.

Vanquished Creatures (collateral kills)
  A two-headed ogre (D:8)
  A yak (D:10)
  A water moccasin (D:7)
  An ice beast (D:6)
  3 water moccasin zombies (Ossuary)
  A wight (D:6)
  2 iguanas (D:7)
  An orc wizard (D:7)
  An ufetubus (D:7)
  2 adder zombies (Ossuary)
  3 gnoll zombies (Ossuary)
  A jackal zombie (Ossuary)
  An orc zombie (Ossuary)
19 creatures vanquished.

Grand Total: 273 creatures vanquished

Notes
Turn   | Place    | Note
-------+----------+-------------------------------------------
     0 | D:1      | Ajdolov the Mummy Ice Elementalist began the quest for the
                  | Orb.
     0 | D:1      | Reached XP level 1. HP: 13/13 MP: 4/4
   187 | D:1      | Reached XP level 2. HP: 19/19 MP: 3/6
   988 | D:2      | Reached XP level 3. HP: 24/24 MP: 2/8
   992 | D:2      | Learned a level 3 spell: Frozen Ramparts
   996 | D:2      | Learned a level 3 spell: Ozocubu's Armour
  1097 | D:2      | Identified the +0 leather armour of Quthra {Slay+2 SInv}
  2125 | D:3      | Reached skill level 4 in Ice Magic
  2195 | D:3      | Reached XP level 4. HP: 27/30 MP: 7/10
  2744 | D:3      | Found a hazy altar of Hepliaklqana.
  3596 | D:5      | Entered Level 5 of the Dungeon
  3756 | D:5      | Reached skill level 5 in Spellcasting
  3756 | D:5      | Reached XP level 5. HP: 30/35 MP: 6/12
  3760 | D:5      | Learned a level 3 spell: Summon Ice Beast
  4127 | D:5      | Found a sacrificial altar of Ru.
  4282 | D:5      | Reached XP level 6. HP: 41/41 MP: 9/14
  4345 | D:5      | Noticed a water moccasin
  4357 | D:5      | Killed a water moccasin
  4358 | D:5      | Reached skill level 5 in Ice Magic
  4573 | D:6      | Found a runed translucent door.
  4614 | D:6      | Noticed Gandelf's ghost (novice SpCj)
  4645 | D:6      | Found a sand-covered staircase.
  4664 | Ossuary  | Entered an ossuary
  4713 | Ossuary  | Reached XP level 7. HP: 46/46 MP: 10/17
  4926 | Ossuary  | Reached skill level 6 in Ice Magic
  5146 | D:6      | Found a staircase to the Ecumenical Temple.
  5155 | Temple   | Entered the Ecumenical Temple
  5172 | Temple   | Became a worshipper of Gozag Ym Sagoz the Greedy
  5559 | D:6      | Reached skill level 1 in Fighting
  5559 | D:6      | Reached XP level 8. HP: 54/54 MP: 13/20
  5759 | D:6      | Found a runed translucent door.
  5900 | D:6      | Reached skill level 7 in Ice Magic
  5957 | D:6      | Found a sparkling altar of Nemelex Xobeh.
  6373 | D:7      | Found a snail-covered altar of Cheibriados.
  6504 | D:7      | Reached skill level 5 in Fighting
  6504 | D:7      | Reached XP level 9. HP: 28/68 MP: 7/21
  6652 | D:7      | Reached skill level 8 in Ice Magic
  6719 | D:7      | Identified a scroll of acquirement
  6755 | D:7      | Found a radiant altar of Vehumet.
  6811 | D:7      | Noticed Maggie
  6933 | D:7      | Noticed Descartes's ghost (amateur MDFi)
  6935 | D:7      | Found a runed translucent door.
  6991 | D:7      | You fall into a shaft and drop 2 floors!
  7068 | D:9      | Noticed a two-headed ogre
  7138 | D:9      | Killed a two-headed ogre
  7194 | D:9      | Identified the +1 ring mail of Ifeshrojo {rC+ MP+9 Dex+3}
  7209 | D:9      | Killed an unseen horror
  7210 | D:9      | Reached skill level 9 in Ice Magic
  7212 | D:9      | HP: 3/72 [orc warrior/+0 dire flail (2)]
  7405 | D:9      | Found a bloodstained altar of Trog.
  7520 | D:9      | Found Afum's Magic Scroll Shop.
  7530 | D:9      | Bought a scroll of identify for 32 gold pieces
  7530 | D:9      | Bought a scroll of identify for 32 gold pieces
  7530 | D:9      | Bought a scroll of identify for 32 gold pieces
  7541 | D:9      | Reached XP level 10. HP: 80/80 MP: 13/22
  7947 | D:9      | Noticed Maurice
  7952 | D:9      | Something stole 20 poisoned darts
  7965 | D:9      | Killed Maurice
  8614 | D:8      | Found a hide-covered altar of Uskayaw.
  8654 | D:8      | Noticed a two-headed ogre
  8666 | D:8      | Killed a two-headed ogre
  8667 | D:8      | Reached skill level 10 in Ice Magic
  8765 | D:8      | Noticed a two-headed ogre
  8882 | D:8      | Noticed a centaur warrior
  8893 | D:8      | Killed a centaur warrior
  9187 | D:8      | Noticed a fire crab
  9188 | D:8      | a fire crab changed into a troll
  9194 | D:8      | a polar bear changed into a black mamba
  9194 | D:8      | Noticed a black mamba (shapeshifter)
  9202 | D:8      | a black mamba changed into a spriggan
  9213 | D:8      | Noticed a four-headed hydra
  9221 | D:8      | Reached skill level 10 in Fighting
  9222 | D:8      | Killed a four-headed hydra
  9223 | D:8      | Reached XP level 11. HP: 90/90 MP: 8/23
  9236 | D:8      | Reached skill level 11 in Ice Magic
  9505 | D:8      | Noticed a boulder beetle
  9526 | D:8      | Killed a boulder beetle
  9631 | D:8      | Got the Atlas of Bitter Geometry
  9641 | D:8      | Learned a level 6 spell: Permafrost Eruption
  9682 | D:8      | Noticed a cyan ugly thing
  9707 | D:8      | Noticed a green ugly thing
  9792 | D:8      | Killed a two-headed ogre
  9793 | D:8      | Reached skill level 1 in Earth Magic
  9793 | D:8      | Reached skill level 1 in Evocations
 10153 | D:7      | Killed Maggie
 10397 | D:8      | Identified the staff of Ferocious Innocence {*Slow rC+
                  | Int+3 Dex+4 SInv Ice}
 10397 | D:8      | Identified the ring "Ycrummig" {rF+ Will+ rCorr}
 10884 | D:8      | Killed a red ugly thing
 10889 | D:8      | Killed a cyan ugly thing
 11092 | D:10     | Entered Level 10 of the Dungeon
 11185 | D:10     | Found Ariup's Distillery.
 11209 | D:10     | Reached skill level 12 in Ice Magic
 11393 | D:10     | Found a staircase to the Lair.
 11698 | D:10     | Reached XP level 12. HP: 97/97 MP: 18/24
 11730 | D:10     | Found Ipag's Distillery.
 11800 | D:10     | Noticed Urug
 11802 | D:10     | Found Teosk's Antique Armour Shoppe.
 11824 | D:10     | Mangled by Urug

Illustrated notes

Levels and vault maps discovered:
D:1:      amcnicky_arrival_gap_in_the_tavern_cellar, layout_basic,
          nicolae_eternal_life
D:2:      layout_basic, minmay_misc_feat_secret_circle, patterned_corridor
D:3:      layout_basic, lemuel_coloured_pillars_altar
D:4:      layout_loops_ring
D:5:      layout_basic, overflow_temple_1_default, dreamdust_wishing_well
D:6:      layout_cave_pools, general_overflow_altar, temple_pool_b,
          enter_ossuary_4, ebering_ghost_sewer_f, kennysheep_pointless_box
D:7:      layout_basic, nicolae_vehumet_radiance, slow_altar_1,
          hellmonk_ghost_happy_afterlife, minmay_manual_mail, uniq_maggie
D:8:      minmay_the_grid_octo_triangle [minmay_the_grid_octo_teeth,
          minmay_the_grid_octo_prize_star,
          minmay_the_grid_octo_vomiting_pacman], layout_rooms,
          minmay_manual_mandibuliform
D:9:      cheibrodos_elevator_heist, layout_loops_ring, lemuel_doored_altar,
          serial_shops, shop, uniq_maurice
D:10:     layout_loops_ring, due_lair_maze_entry_diamond, serial_shops,
          nicolae_shop_industrial_runoff, shop, shop, uniq_urug
Temple:   kb_temple_of_zot

Skill      XL: |  1  2  3  4  5  6  7  8  9 10 11 |
---------------+----------------------------------+-----
Spellcasting   | 3 4 5 6 8 |  8.0
Ice Magic      | 4 5 6 7 9 10 12 | 12.4
Fighting       | 1 5 7 10 | 10.0
Earth Magic    | 4 |  4.8
Evocations     | 3 |  3.0
Dodging        | |  1.5
Stealth        | |  1.5

Action                     |  1- 3 |  4- 6 |  7- 9 | 10-12 || total
---------------------------+-------+-------+-------+-------++-------
  Melee: Spear             |    49 |     6 |       |   224 ||   279
         Trident           |       |    62 |   132 |       ||   194
         Scimitar          |       |       |    81 |     5 ||    86
  Throw: Dart              |       |       |       |     5 ||     5
   Cast: Freeze            |    54 |    58 |       |     2 ||   114
         Ozocubu's Armour  |       |     3 |    30 |    37 ||    70
         Frozen Ramparts   |       |     3 |    35 |    58 ||    96
         Summon Ice Beast  |       |     1 |    21 |    22 ||    44
  Evoke: Wand              |       |       |     3 |     4 ||     7
    Use: Scroll            |       |       |    10 |     2 ||    12
   Stab: Sleeping          |     8 |     8 |     1 |     1 ||    18
         Distracted        |       |     1 |     4 |     1 ||     6
 Armour: Robe              |    40 |    55 |   205 |   240 ||   540
  Dodge: Dodged            |    40 |    52 |   132 |   141 ||   365

Table legend: (Time is in decaauts)
 A = Elapsed time spent in this place.
 B = Non-inter-level travel time spent in this place.
 C = Inter-level travel time spent in this place.
 D = Time resting spent in this place.
 E = Time spent auto-exploring this place.
 F = Levels seen in this place.
 G = Mean time per level.
                   A        B        C        D        E       F      G
               +--------+--------+--------+--------+--------+-----+--------+
         Total |  11979 |  11522 |    457 |    790 |   7918 |  12 |  998.2 |
       Dungeon |  11429 |  11004 |    425 |    610 |   7908 |  10 | 1142.9 |
        Temple |     34 |      2 |     32 |      0 |      0 |   1 |   34.0 |
       Ossuary |    515 |    515 |      0 |    180 |     10 |   1 |  515.0 |
               +--------+--------+--------+--------+--------+-----+--------+

Top non-repeatable levels by time:
     D:8: 2333 daAuts
     D:9: 1446 daAuts
     D:6: 1228 daAuts
     D:7: 1092 daAuts
     D:3: 996 daAuts
     D:5: 966 daAuts
     D:1: 937 daAuts
     D:2: 930 daAuts
     D:4: 755 daAuts
    D:10: 742 daAuts
 Ossuary: 515 daAuts
  Temple: 34 daAuts
